Map: King's Cove LE

Players

RawV

  • Race: Terran Terran
  • League: Master
  • Spawn Location: 5:00

Mez - Winner!

  • Race: Terran Terran
  • League: Master
  • Spawn Location: 11:00

VOD

Have the link to the VOD?

Description

Time

  • Played on: July 29, 2019, 1:25 a.m.
  • Length: 21:56
Show
View Real Time Build Order
Export as new Build Order

RawV Terran 

Build Orders: Gas First Reaper Expand, Liberator Opening 

Get SALT Encoding   

  12  0:00  SCV  
  13  0:12  SCV  
  14  0:18  Supply Depot  
  14  0:25  SCV  
  15  0:29  Refinery  
  15  0:40  SCV  
  16  0:46  Barracks  
  16  0:53  SCV  
  17  1:05  SCV  
  18  1:17  SCV  
  19  1:33  Reaper, Orbital Command  
  20  1:46  Command Center  
  20  1:56  Factory  
  20  2:01  SCV  
  21  2:08  Reaper  
  21  2:12  Supply Depot  
  21  2:14  SCV  
  23  2:21  Refinery  
  23  2:33  SCV  
  24  2:40  Hellion  
  24  2:41  Reaper  
  27  2:45  SCV  
  28  2:57  Starport  
  25  3:13  Hellion  
  25  3:15  Reaper  
  25  3:16  Liberator  
  25  3:19  SCV  
  32  3:34  Command Center  
  32  3:43  Orbital Command  
  32  3:46  SCV  
  33  3:49  Factory Tech Lab  
  33  3:58  SCV  
  33  3:59  Barracks Reactor  
  34  4:08  Cyclone  
  37  4:10  SCV  
  37  4:11  SCV  
  36  4:30  SCV x2  
  34  4:52  SCV x2  
  30  4:53  Marine x2  
  31  5:04  SCV x2  
  30  5:14  Barracks x3  
  30  5:16  SCV x2, Barracks  
  30  5:19  Marine x2  
  34  5:27  Orbital Command  
  34  5:32  Bunker  
  34  5:39  Siege Tank  
  34  5:42  SCV  
  38  5:43  SCV  
  38  5:47  Starport Tech Lab  
  39  5:53  SCV  
  39  5:54  SCV  
  39  5:55  Marine x2  
  43  6:01  SCV  
  44  6:15  Marine x2  
  44  6:16  Barracks Reactor x2, Barracks Tech Lab x2  
  42  6:30  SCV x3  
  38  6:32  Marine  
  33  6:45  Combat Shield  
  33  6:46  Stimpack  
  28  6:50  SCV  
  28  6:51  SCV  
  30  7:01  Refinery  
  30  7:05  SCV x3  
  33  7:16  Siege Tank  
  33  7:17  Marine  
  33  7:18  Marine x3  
  40  7:23  SCV x2  
  40  7:24  SCV  
  40  7:29  Marine x2  
  45  7:30  Marine x2  
  45  7:35  SCV x2  
  45  7:36  SCV  
  50  7:40  Supply Depot  
  50  7:42  Marine x3  
  53  7:44  Marine  
  53  7:50  Siege Tank  
  57  7:57  Marine x2  
  57  7:58  Marine x2  
  61  8:01  Raven  
  61  8:03  Supply Depot  
  61  8:04  Supply Depot  
  63  8:07  SCV x2  
  63  8:08  SCV  
  66  8:17  Marine x2  
  66  8:18  Marine  
  69  8:25  SCV x3, Marine x3  
  72  8:44  Engineering Bay x2  
  72  8:46  Armory  
  72  8:52  SCV x3, Marine x3  
  78  9:04  SCV x3  
  78  9:08  Supply Depot  
  81  9:12  Marine x4  
  81  9:14  Barracks Reactor  
  84  9:27  Marine  
  84  9:29  Raven, Marine x2  
  84  9:30  Marine x2  
  91  9:33  Supply Depot  
  72  10:02  SCV x2  
  72  10:03  SCV  
  72  10:04  Marine  
  72  10:05  Marine x8  
  72  10:06  Siege Tank  
  87  10:12  Refinery  
  87  10:13  Supply Depot  
  87  10:14  SCV x2  
  87  10:15  SCV  
  87  10:18  Raven  
  92  10:22  Marine  
  92  10:23  Marine  
  92  10:26  SCV  
  92  10:27  SCV x2  
  97  10:33  Marine x6  
  97  10:34  Marine  
  104  10:40  Marine  
  104  10:41  Marine  
  106  10:43  Siege Tank  
  106  10:44  SCV  
  106  10:46  SCV  
  106  10:48  SCV  
  112  10:51  Marine x2  
  114  10:59  Marine  
  114  11:00  Marine x2  
  117  11:05  Marine  
  117  11:06  Marine  
  106  11:20  Marine x2  
  106  11:21  Marine x5  
  78  11:47  Marine x2  
  78  11:48  Marine x5  
  78  11:51  Marine  
  81  11:56  Orbital Command  
  73  12:05  Marine x2  
  65  12:24  Marine  
  65  12:26  Marine  
  67  12:37  Marine x2  
  67  12:38  Factory Tech Lab  
  69  12:48  Command Center  
  68  13:14  Marine x3  
  68  13:15  Marine  
  68  13:16  Siege Tank  
  74  13:32  Marine x2  
  59  13:43  Orbital Command  
  59  13:50  Siege Tank  
  62  13:59  Marine x2  
  62  14:00  Marine x2  
  62  14:01  Command Center  
  67  14:10  Supply Depot  
  65  14:17  Marine  
  65  14:21  Marine x3  
  65  14:22  Siege Tank  
  72  14:38  Engineering Bay  
  72  14:41  Engineering Bay  
  72  14:50  Marine  
  72  14:51  Marine x3  
  76  15:10  Marine x3  
  76  15:11  Marine  
  80  15:28  Marine x4  
  81  15:29  Siege Tank  
  84  16:17  Marine x4  
  87  16:35  Marine  
  87  16:36  Marine  
  65  17:00  Marine  
  65  17:01  Marine x3  
  46  17:02  Siege Tank  
  45  17:18  Marine  
  45  17:19  Marine x2  
  48  17:27  SCV x2  
  46  17:47  Marine x4  
  46  17:48  Siege Tank, SCV  
  46  17:49  SCV  
  46  17:50  Terran Infantry Armor Level 1, Terran Infantry Weapons Level 1  
  55  17:56  Planetary Fortress  
  55  18:01  SCV x2  
  57  18:13  SCV x2  
  59  18:25  SCV x2  
  52  18:28  Marine x2  
  52  18:29  Marine  
  52  18:32  SCV  
  56  18:37  SCV  
  52  18:52  Marine x3  
  52  18:54  Siege Tank  
  55  18:55  SCV x2  
  55  18:56  SCV  
  55  19:00  Armory  
  58  19:06  Barracks  
  58  19:10  SCV, Barracks  
  59  19:22  SCV x3  
  62  19:29  Marine x3  
  62  19:30  Siege Tank  
  68  19:37  Refinery  
  68  19:47  Marine x2  
  68  19:48  Marine  
  71  19:54  Terran Vehicle Weapons Level 1  
  71  19:58  Marine x2  
  73  20:05  Marine  
  74  20:13  Marine x2  
  74  20:14  Siege Tank  
  79  20:16  Marine x2  
  71  20:51  Marine  
  71  20:52  Marine x4  
  71  20:56  Command Center  
  75  21:02  Engineering Bay x2  
  75  21:09  Marine x2  
  75  21:10  Marine  
  78  21:21  Marine  
  78  21:24  Marine  
  64  21:42  Command Center  
Show
View Real Time Build Order
Export as new Build Order

Mez Terran - Winner!

Build Orders:  

Get SALT Encoding   

  12  0:01  SCV  
  13  0:13  SCV  
  14  0:18  Supply Depot  
  14  0:25  SCV  
  15  0:40  SCV  
  15  0:42  Barracks  
  16  0:46  Refinery  
  16  0:52  SCV  
  17  1:02  Barracks  
  17  1:06  SCV  
  18  1:18  SCV  
  19  1:30  Reaper, Refinery  
  20  1:33  Orbital Command  
  20  1:49  Supply Depot  
  20  1:50  Reaper  
  21  1:59  SCV  
  22  2:04  Reaper  
  23  2:11  SCV  
  24  2:22  Reaper  
  25  2:23  SCV  
  26  2:32  Command Center  
  26  2:35  SCV  
  27  2:38  Reaper  
  28  2:49  Supply Depot  
  28  2:53  Barracks  
  28  3:13  SCV  
  28  3:16  Supply Depot  
  28  3:23  Barracks Tech Lab  
  28  3:25  SCV  
  28  3:26  Barracks Reactor  
  27  3:31  Engineering Bay  
  27  3:37  SCV  
  28  3:44  Marauder  
  28  3:45  Barracks Reactor  
  28  3:46  Stimpack  
  28  3:47  Orbital Command  
  30  3:53  SCV  
  31  3:59  Terran Infantry Weapons Level 1  
  31  4:04  Factory  
  31  4:05  SCV  
  31  4:06  Marine  
  33  4:20  Marine x2  
  33  4:21  SCV  
  33  4:22  SCV  
  36  4:24  Marine  
  36  4:26  Marine x2  
  36  4:38  Marine x2  
  37  4:41  SCV  
  37  4:42  Marine  
  37  4:43  Marine  
  28  4:58  Marine  
  26  5:12  SCV  
  27  5:14  SCV  
  28  5:22  Marine x2  
  28  5:23  Marine x2  
  32  5:29  SCV x2  
  34  5:41  SCV x2  
  36  5:46  Marine x2  
  36  5:47  Combat Shield, Marine x2  
  36  5:48  Marine  
  41  5:53  SCV x2  
  43  6:01  Factory Reactor  
  43  6:03  Starport  
  43  6:04  Marine  
  43  6:05  SCV x2  
  43  6:11  Marine x2  
  46  6:17  SCV x2  
  41  6:27  Missile Turret  
  41  6:29  SCV x2  
  41  6:30  Missile Turret  
  38  6:41  Marine x3  
  38  6:46  Marine x2  
  40  6:47  SCV x2  
  42  6:59  SCV x2, Marine  
  45  7:03  Medivac x2  
  49  7:10  Marine x3  
  49  7:11  SCV x2  
  54  7:23  SCV  
  54  7:25  SCV  
  54  7:29  Marine x4  
  58  7:30  Marine  
  58  7:34  Command Center  
  58  7:35  SCV  
  62  7:42  Terran Infantry Armor Level 1  
  62  7:50  Supply Depot  
  62  7:51  Supply Depot  
  62  7:52  Supply Depot  
  62  7:53  Supply Depot  
  62  8:00  Factory Reactor  
  62  8:04  Barracks  
  62  8:05  Starport Reactor  
  62  8:06  Barracks  
  62  8:11  SCV x2, Marine x3  
  67  8:16  Marine x2  
  69  8:23  SCV  
  69  8:24  SCV  
  71  8:36  SCV x2  
  67  8:41  Marine x5  
  67  8:45  Medivac x2  
  75  8:51  SCV x2, Orbital Command  
  77  8:57  Marine x2  
  77  8:59  Marine x5  
  83  9:13  SCV x2  
  83  9:14  Marine x2  
  83  9:15  Marine x2  
  89  9:17  Marine  
  89  9:18  SCV  
  91  9:24  Engineering Bay, Armory  
  91  9:25  SCV x2  
  91  9:30  SCV  
  94  9:37  SCV  
  94  9:38  SCV  
  96  9:43  Marine x9  
  97  10:01  Marine x8  
  97  10:02  SCV x2  
  97  10:04  Medivac  
  109  10:10  Command Center, Supply Depot  
  109  10:11  Supply Depot x2  
  109  10:12  Supply Depot  
  109  10:27  Terran Infantry Armor Level 2, Marine x6, Terran Infantry Weapons Level 2, Medivac  
  117  10:31  Marine x3  
  120  10:38  SCV x2  
  122  10:44  Marine x3  
  122  10:45  Missile Turret  
  122  10:46  Missile Turret  
  125  11:00  Marine x4  
  129  11:05  Marine x5  
  116  11:18  Marine x4  
  111  11:23  Marine x5  
  113  11:35  Marine  
  113  11:36  Marine x3  
  98  11:40  Marine  
  98  11:41  Marine  
  98  11:45  Marine x3  
  97  11:49  Medivac x2  
  97  11:53  Marine x2  
  97  11:54  Marine x2  
  103  11:58  Marine x2  
  87  12:13  Marine x7  
  93  12:16  Marine  
  91  12:31  Marine x4  
  71  13:50  Orbital Command  
  71  14:03  Supply Depot  
  71  14:04  Supply Depot  
  71  14:06  Supply Depot  
  71  14:33  Supply Depot  
  71  14:35  Supply Depot  
  71  15:04  Terran Infantry Weapons Level 3  
  71  15:08  Barracks Reactor  
  71  15:16  Supply Depot  
  71  15:18  Supply Depot  
  71  15:37  SCV, Marine x4  
  76  15:50  Supply Depot  
  76  15:52  SCV, Supply Depot  
  76  16:15  SCV  
  77  16:26  Marine  
  77  16:29  SCV  
  77  16:32  Command Center  
  58  16:49  SCV  
  50  17:01  SCV  
  50  17:08  Marine x5  
  52  17:22  Barracks  
  52  17:23  Barracks  
  51  17:32  Marine  
  51  17:33  Marine x4  
  55  17:40  Marine  
  56  17:56  Orbital Command  
  56  18:01  Marine  
  57  18:07  SCV  
  58  18:24  Marine  
  58  18:25  Marine x7  
  65  18:30  SCV x2  
  60  18:51  Marine x6  
  60  18:52  SCV  
  60  18:55  SCV, Liberator  
  66  18:59  Barracks Reactor x2  
  65  19:04  SCV  
  65  19:07  SCV  
  65  19:09  Marine x4  
  71  19:17  Refinery, SCV  
  75  19:18  Refinery  
  75  19:22  Marine x2  
  75  19:23  SCV  
  78  19:26  Marine  
  78  19:29  SCV  
  80  19:32  Marine  
  80  19:33  Marine x2  
  83  19:39  Marine  
  83  19:40  Marine  
  83  19:44  Marine  
  83  19:45  Marine x2  
  88  19:57  Refinery  
  88  20:05  Command Center  
  88  20:09  Marine x4  
  88  20:10  Marine x4  
  96  20:24  Liberator  
  96  20:41  Marine  
  96  20:42  Marine x9  
  100  20:59  Marine x3  
  100  21:00  Marine x4  
  100  21:03  Marine  
  108  21:04  SCV x2  
  101  21:29  Marine x10  
  108  21:42  SCV x2  
Tags
 
Add a new tag
Caveats
  • Supply blocks, unpowered buildings, or Contaminate may cause inaccurate times.
  • Supply counts are checked every 10 seconds.